 Dungeon Crawl Stone Soup version 0.27.1-33-g824d729ab1 (webtiles) character file.

Game seed: 6654635277553028945

2196 solopath the Geomancer (level 9, -19/71 HPs)
             Began as a Formicid Earth Elementalist on Nov 29, 2021.
             Was a Priest of Uskayaw.
             Demolished by a two-headed ogre (35 damage)
             ... on level 7 of the Dungeon.
             The game lasted 00:29:30 (10814 turns).

solopath the Geomancer (FoEE)                      Turns: 10814, Time: 00:29:31

Health: -19/71     AC:  4    Str: 13    XL:     9   Next: 60%
Magic:  13/15      EV: 12    Int: 18    God:    Uskayaw [***...]
Gold:   191        SH:  0    Dex: 11    Spells: 9/16 levels left

rFire    . . .     SeeInvis +   E - +3 long sword (elec)
rCold    + . .     Faith    .   (no shield)
rNeg     . . .     Spirit   .   b - +0 robe
rPois    .         Reflect  .   (helmet unavailable)
rElec    .         Harm     .   w - +0 cloak
rCorr    .         Rampage  .   (no gloves)
Will     +....                  k - +0 pair of boots
Stlth    +++.......             a - amulet of the acrobat
HPRegen  0.21/turn              r - ring of protection from cold
MPRegen  0.14/turn              F - ring of willpower

@: no status effects
A: permanent stasis, dig shafts and tunnels, antennae 3, four strong arms,
robust 1
a: Dig, Shaft Self, Renounce Religion, Stomp, Line Pass


You were on level 7 of the Dungeon.
You worshipped Uskayaw.
Uskayaw was noncommittal.
You visited 1 branch of the dungeon, and saw 7 of its levels.
You also visited: Sewer.

You collected 397 gold pieces.
You spent 206 gold pieces at shops.

Inventory:

Hand Weapons
 t - a +2 dagger of venom
 E - a +3 long sword of electrocution (weapon)
Missiles
 c - 150 stones
 f - a throwing net
 B - 2 javelins (quivered)
Armour
 b - a +0 robe (worn)
 d - a +2 tower shield
 k - a +0 pair of boots (worn)
 w - a +0 cloak (worn)
Jewellery
 a - an amulet of the acrobat (around neck)
 e - a ring of ice
 r - a ring of protection from cold (left hand)
 y - a ring of ice
 z - an amulet of faith
 F - a ring of willpower (right hand)
Wands
 x - a wand of charming (8)
 A - a wand of digging (6)
 G - a wand of iceblast (16)
Scrolls
 h - 4 scrolls of enchant armour {unknown}
 j - 2 scrolls of noise {unknown}
 n - 6 scrolls of magic mapping
 o - 4 scrolls of enchant weapon {unknown}
 p - 2 scrolls of acquirement {unknown}
 s - 5 scrolls of identify
 u - a scroll of torment {unknown}
Potions
 g - a potion of might
 i - 4 potions of curing
 l - 2 potions of haste
 m - 4 potions of flight
 q - a potion of berserk rage {unknown}
 v - a potion of lignification {unknown}
 C - a potion of ambrosia {unknown}
 D - a potion of resistance {unknown}


   Skills:
 - Level 4.1 Fighting
 - Level 1.6 Short Blades
 + Level 0.0(0.9) Long Blades
 - Level 1.7 Dodging
 - Level 5.0 Stealth
 + Level 6.7 Shields
 - Level 4.0 Spellcasting
 - Level 3.2 Transmutations
 + Level 9.2 Earth Magic
 - Level 3.7 Invocations


You had 9 spell levels left.
You knew the following spells:

 Your Spells              Type           Power      Damage    Failure   Level
a - Sandblast             Erth           72%        2d16      1%          1
b - Passwall              Tmut/Erth      21%        N/A       1%          2
c - Petrify               Tmut/Erth      26%        N/A       12%         4

Your spell library contained the following spells:

 Spells                   Type           Power      Damage    Failure   Level
 Stone Arrow              Conj/Erth      40%        3d9       7%          3
 Manifold Assault         Tloc           3%         N/A       99%         5
 Storm Form               Tmut/Air       4%         N/A       100%        7
 Blink                    Tloc           Unusable   N/A       N/A         2

Dungeon Overview and Level Annotations

Branches:
Dungeon (7/15)             Temple (0/1) D:7           Sewer (visited)

Altars:
Fedhas
Hepliaklqana
Qazlal
Ru
Trog
Uskayaw
Zin

Shops:
D:3 *[   D:7 =*([


Innate Abilities, Weirdness & Mutations

You cannot be hasted, slowed, berserked, paralysed or teleported.
You can dig through walls and to a lower floor.
You have a pair of large antennae on your head. (SInv)
Your four strong arms can wield two-handed weapons with a shield.
You are robust. (+10% HP)


Message History

The two-headed ogre is lightly wounded.
The helpless two-headed ogre fails to defend itself.
You hit the two-headed ogre.
Lightning courses through the two-headed ogre!
The two-headed ogre is lightly wounded.
The helpless two-headed ogre fails to defend itself.
You hit the two-headed ogre.
The two-headed ogre is lightly wounded.
The helpless two-headed ogre fails to defend itself.
You hit the two-headed ogre.
Lightning courses through the two-headed ogre!
The two-headed ogre is moderately wounded.
The two-headed ogre is no longer petrified.
The two-headed ogre hits you with a +0 giant club.
The two-headed ogre misses you.
You can now pass through a line of other dancers.
You barely miss the two-headed ogre.
The two-headed ogre is moderately wounded.
The two-headed ogre closely misses you. x2
You slash the two-headed ogre!
Lightning courses through the two-headed ogre!
The two-headed ogre is severely wounded.
The two-headed ogre hits you with a +0 giant club! x2
You hit the two-headed ogre but do no damage.
The two-headed ogre is severely wounded.
The two-headed ogre closely misses you.
The two-headed ogre hits you with a +0 giant club!
You hit the two-headed ogre.
The two-headed ogre is severely wounded.
The two-headed ogre hits you with a +0 giant club! x2
* * * LOW HITPOINT WARNING * * *
Uskayaw will force your foes to helplessly watch your dance.
Uskayaw prepares the audience for your solo!
You are too injured to fight recklessly!
The helpless two-headed ogre fails to defend itself.
You hit the two-headed ogre.
The two-headed ogre is almost dead.
The two-headed ogre is no longer paralysed.
The two-headed ogre hits you with a +0 giant club!!
You die...

##.## #..[# #.##.#.#.# #...#
#...# #......#.### #.#.## #...#
####........
###...8#######...###### #...#.##.
##....................###...#.##.
..8.>.∩.<.8.................#....
#.....................####..####.
......8[.#####.O.###### #..####.
...#.###.# ###..@### ###.......
...#.###.# #.......# #.......##
.........# #.#...#.# #.##.##.#
........####.#...#.# #.##.##.##
#.##.##.##......##.# #.##......
#....##.##.#.#####.#####.####..!.
#.#####.##.#.#####.......####..#.
#.......##.#.......#####.......#.
##########.##.####.#####.####.##.


You could see a two-headed ogre.

Vanquished Creatures
  Menkaure (D:4)
  2 water moccasins
  A sky beast (D:6)
  6 black bears
  3 necrophages
  A centaur (D:6)
  A phantom (D:6)
  A scorpion (D:7)
  A water moccasin skeleton (D:2)
  A howler monkey (D:4)
  A jelly (D:6)
  2 centaur zombies
  A hound (D:6)
  Crazy Yiuf (D:3)
  Ijyb (D:3)
  Natasha (thrice) (D:3)
  4 iguanas (D:5)
  2 orc wizards
  2 gnolls
  7 adders
  A river rat (D:3)
  A shadow imp (D:7)
  A white imp (D:3)
  An adder skeleton (D:4)
  4 worms (Sewer)
  3 dart slugs
  17 orcs
  14 bats
  11 endoplasms
  4 giant cockroaches
  9 goblins
  10 hobgoblins
  4 jackals (Sewer)
  7 quokkas
  10 ball pythons
  7 frilled lizards
  6 kobolds
  5 rats
157 creatures vanquished.

Vanquished Creatures (others)
  A fungus (D:3)
1 creature vanquished.

Grand Total: 158 creatures vanquished

Notes
Turn   | Place    | Note
-------+----------+-------------------------------------------
     0 | D:1      | solopath the Formicid Earth Elementalist began the quest
                  | for the Orb.
     0 | D:1      | Reached XP level 1. HP: 13/13 MP: 3/3
   216 | D:1      | Reached XP level 2. HP: 18/19 MP: 5/5
   227 | D:1      | Learned a level 2 spell: Passwall
   398 | D:1      | Reached skill level 4 in Earth Magic
   579 | D:1      | Reached XP level 3. HP: 22/24 MP: 6/6
   679 | D:1      | Found a faded altar of an unknown god.
   690 | D:1      | Became a worshipper of Uskayaw the Reveller
   690 | D:1      | Reached * piety under Uskayaw
   733 | D:1      | Reached ** piety under Uskayaw
  1903 | D:2      | Reached XP level 4. HP: 30/30 MP: 6/8
  1950 | D:2      | Learned a level 4 spell: Petrify
  2015 | D:2      | Reached skill level 5 in Earth Magic
  2015 | D:2      | Reached XP level 5. HP: 31/35 MP: 5/9
  2323 | D:3      | Found a bloodstained altar of Trog.
  2355 | D:3      | Found Zin's Purification Station.
  2359 | D:3      | Found a glowing silver altar of Zin.
  2382 | D:3      | Found Geth's Armour Emporium.
  2384 | D:3      | Noticed Natasha
  2390 | D:3      | Killed Natasha
  2397 | D:3      | Noticed Natasha
  2403 | D:3      | Killed Natasha
  2463 | D:3      | Found a glowing drain.
  2575 | Sewer    | Entered a sewer
  2579 | Sewer    | Reached XP level 6. HP: 32/41 MP: 7/11
  2898 | Sewer    | Reached skill level 6 in Earth Magic
  3177 | Sewer    | Reached *** piety under Uskayaw
  3181 | Sewer    | Reached **** piety under Uskayaw
  3748 | D:3      | HP: 2/42 [orc (3)]
  4241 | D:3      | Noticed Natasha
  4250 | D:3      | Killed Natasha
  4429 | D:3      | Noticed a black bear
  4438 | D:3      | You fall into a shaft and drop 1 floor!
  4619 | D:4      | Reached skill level 1 in Fighting
  4619 | D:4      | Reached skill level 1 in Invocations
  4727 | D:4      | Noticed a black bear
  4944 | D:4      | Noticed a necrophage
  4953 | D:4      | Killed a necrophage
  4954 | D:4      | Reached XP level 7. HP: 38/48 MP: 8/13
  5490 | D:4      | Noticed Menkaure
  5499 | D:4      | Killed Menkaure
  5636 | D:3      | Reached XP level 8. HP: 58/58 MP: 6/14
  5730 | D:3      | Found a runed translucent door.
  5731 | D:3      | Noticed Crazy Yiuf
  5738 | D:3      | Killed Crazy Yiuf
  5739 | D:3      | Reached skill level 5 in Stealth
  6048 | D:3      | Noticed Ijyb
  6089 | D:3      | Killed Ijyb
  6535 | D:4      | Reached skill level 1 in Shields
  6716 | D:5      | Entered Level 5 of the Dungeon
  7319 | D:5      | Found a blossoming altar of Fedhas.
  7383 | D:5      | Found a stormy altar of Qazlal.
  7534 | D:4      | Reached skill level 7 in Earth Magic
  8039 | D:5      | Found a hazy altar of Hepliaklqana.
  8670 | D:5      | Reached XP level 9. HP: 65/65 MP: 7/15
  9234 | D:6      | Reached skill level 8 in Earth Magic
  9336 | D:6      | Found a sacrificial altar of Ru.
  9352 | D:6      | Reached skill level 5 in Shields
  9537 | D:6      | Gained mutation: You are robust. (+10% HP) [potion of
                  | mutation]
  9917 | D:6      | Reached skill level 9 in Earth Magic
 10065 | D:7      | Noticed a two-headed ogre
 10074 | D:6      | Reached skill level 1 in Short Blades
 10335 | D:7      | Found Puverog's Jewellery Emporium.
 10406 | D:7      | Found Wuext's Assorted Antiques.
 10414 | D:7      | Bought a metallic cyan potion for 22 gold pieces
 10414 | D:7      | Bought a green potion for 22 gold pieces
 10626 | D:7      | Found Gauxahecs's Antique Weapon Boutique.
 10638 | D:7      | Bought a glowing long sword for 162 gold pieces
 10656 | D:7      | Found a staircase to the Ecumenical Temple.
 10698 | D:7      | Found Dywexaf's Armour Boutique.
 10814 | D:7      | Demolished by a two-headed ogre

Illustrated notes

Levels and vault maps discovered:
D:1:      elethiomel_arrival_maze, layout_loops_ring,
          ebering_ecumenical_altar_rust, minmay_circled_x
D:2:      layout_basic
D:3:      layout_loops_ring, zin_purify, bloody_trog, portal_sewer_entry_b,
          serial_shops, nicolae_square_shop, st_stairs_3,
          kennysheep_generic_room_14, uniq_natasha, uniq_ijyb,
          uniq_crazy_yiuf_cottage
D:4:      minmay_octagon_keep, layout_basic, grunt_ministairs_3, uniq_menkaure
D:5:      layout_layer_cave, mainiacjoe_overflow_alcove_2,
          worldfamousw_hep_ancestral_shrine, amcnicky_altar_gilded
D:6:      layout_gridville, mainiacjoe_overflow_catwalk,
          corexii_item_surrounded_by_moat
D:7:      layout_loops_cross, gammafunk_temple_overflow_statue,
          minmay_temple_entry_stoned_glass, serial_shops, shop, shop,
          nicolae_shop_window_shopping, nicolae_stop_n_shop_2

Skill      XL: |  1  2  3  4  5  6  7  8  9 |
---------------+----------------------------+-----
Earth Magic    | 4 5 6 7 9 |  9.2
Transmutations | 2 3 |  3.2
Spellcasting   | 3 4 |  4.0
Fighting       | 1 3 4 |  4.1
Invocations    | 1 3 |  3.7
Stealth        | 3 4 5 |  5.0
Shields        | 4 6 |  6.7
Short Blades   | 1 |  1.6
Dodging        | |  1.7

Action                   |  1- 3 |  4- 6 |  7- 9 || total
-------------------------+-------+-------+-------++-------
Melee: Dagger            |    56 |   182 |   212 ||   450
       Unarmed           |     4 |       |       ||     4
       Long sword        |       |       |    16 ||    16
Throw: Javelin           |    19 |    24 |    13 ||    56
       Stone             |     1 |     1 |       ||     2
       Throwing net      |       |       |     1 ||     1
 Cast: Sandblast         |    22 |    66 |    52 ||   140
       Petrify           |       |     1 |    27 ||    28
Invok: Line Pass         |     1 |       |       ||     1
       Stomp             |       |     2 |     1 ||     3
 Abil: Dig               |       |     1 |     7 ||     8
       Shaft Self        |       |     1 |       ||     1
  Use: Potion            |       |     4 |     1 ||     5
       Scroll            |       |     2 |     3 ||     5
 Stab: Sleeping          |     1 |     6 |     4 ||    11
       Petrified         |       |     3 |    31 ||    34
       Paralysed         |       |     1 |     5 ||     6
       Petrifying        |       |       |     5 ||     5
       Held in net/web   |       |       |     1 ||     1
Armor: Robe              |    20 |    66 |    47 ||   133
Dodge: Dodged            |    64 |   184 |   154 ||   402
       Rpst.: Long sword |       |       |     1 ||     1
